AoeStats
← sebastianbel43

Four Lakes

507879836Analyzed
1v1 RM · 13d ago on Sep 20, 2026· 57m 25s· 2 players
Game mode
Random Map
Map size
Tiny (2 player)
Population
200
Speed
Normal
Resources
Standard
Victory
Conquest
Starting age
Dark Age
Ending age
Imperial Age
RankedLock teamsTeams togetherTeam positionsShared explorationLock speedFull tech treeHidden civsTurbo modeCheats
Victory
Defeat
🇺🇸 Japanese · United States
774
+16
🇨🇴 Mongols · Colombia
774
-16
SilverMarathon
11:19 Loom
13:33 Feudal Age
14:22 Horse Collar
15:19 Fishing Lines
19:11 Castle Age
23:01 Double-Bit Axe
23:16 Gold Mining
23:44 Bloodlines
28:37 Fletching
29:38 Bodkin Arrow
30:14 Ballistics
32:59 Guard Tower
33:32 Elite Skirmisher
34:42 Gillnets
36:10 Thumb Ring
40:48 Imperial Age
40:14 Wheelbarrow
39:37 Stone Mining
43:16 Conscription
45:13 Chemistry
45:12 Hand Cart
44:44 Town Watch
45:44 Yasama
45:23 Cavalier
46:22 Forging
46:17 Scale Barding Armor
47:29 Keep
46:40 Arrowslits
47:06 Siege Engineers
47:34 Town Patrol
52:43 Padded Archer Armor
52:44 Bracer
52:58 Masonry
53:44 Hoardings
56:56 Pikeman
57:37 Squires
sebastianbel43
3:51 Loom
10:39 Feudal Age
11:29 Double-Bit Axe
11:45 Gold Mining
11:47 Horse Collar
12:46 Town Watch
19:08 Wheelbarrow
22:07 Castle Age
20:21 Fletching
20:32 Padded Archer Armor
23:03 Thumb Ring
22:57 Bodkin Arrow
23:18 Leather Archer Armor
24:33 Pikeman
25:17 Squires
29:55 Hand Cart
35:23 Forging
35:20 Scale Barding Armor
41:38 Imperial Age
40:37 Husbandry
40:54 Bloodlines
42:31 Bracer
45:34 Parthian Tactics
46:12 Heavy Cavalry Archer
47:28 Nomads
47:51 Conscription
48:10 Bow Saw
49:23 Ballistics
50:05 Chemistry
52:17 Iron Casting
52:42 Chain Barding Armor
54:13 Cavalier
Connection lost

Rejoining the realm…

Still unreachable

The connection could not be restored.

Session expired

The server has moved on; the page needs a fresh start.